 Dungeon Crawl Stone Soup version 0.30-b1-2-g02819fbbbe (webtiles) character file.

Game seed: 495753201089481140

23364 Cris the Spear-Bearer (level 12, -3/101 HPs)
             Began as a Demonspawn Fighter on Aug 9, 2023.
             Was an Initiate of Gozag.
             Slain by a red ugly thing (8 damage)
             ... on level 14 of the Dungeon.
             The game lasted 01:18:55 (13067 turns).

Cris the Spear-Bearer (Demonspawn Fighter)         Turns: 13067, Time: 01:18:55

Health: -3/101     AC: 31    Str: 27      XL:     12   Next: 71%
Magic:  12/12      EV:  8    Int:  9 (10) God:    Gozag
Gold:   1227       SH:  0    Dex: 15 (16) Spells: 8/11 levels left

rFire   . . .        f - +5 spear of the Chickpea {flame, rPois rC+ Dex+3}
rCold   + + +        (no shield)
rNeg    . . .        c - +4 plate armour {rPois}
rPois   +            v - +0 helmet
rElec   .            i - +0 cloak
rCorr   .            B - +0 pair of gloves
SInv    .            (no boots)
Will    .....        R - amulet of regeneration Stlth
                     D - ring "Waddojod" {rPois rC++ AC+4}
HPRegen 1.16/turn    F - +6 ring of strength
MPRegen 0.13/turn

%: no passive effects
@: mighty, gold aura
A: rugged brown scales 3, demonic guardian 2, condensation shield, demonic touch
2, deterioration 1, shaggy fur 1, wild magic 1
a: Renounce Religion, Potion Petition, Call Merchant, Bribe Branch


You were on level 14 of the Dungeon.
You worshipped Gozag.
Gozag was most pleased with you.
You visited 2 branches of the dungeon, and saw 15 of its levels.

You collected 4277 gold pieces.
You spent 1520 gold pieces at shops.
You paid 1530 gold pieces to Gozag.

Inventory:

Hand Weapons
 a - a +0 flail
 b - a +2 flail of venom
 f - the +5 spear of the Chickpea (weapon) {flame, rPois rC+ Dex+3}
   (You found it on level 3 of the Dungeon)

   Dex:       It affects your dexterity (+3).
   rC:        It protects you from cold.
   rPois:     It protects you from poison.
Missiles
 g - 78 stones
 n - 3 boomerangs
 s - 14 poisoned darts (quivered)
 J - 8 javelins
Armour
 c - a +4 plate armour of poison resistance (worn)
 i - a +0 cloak (worn)
 t - a scarf of invisibility
 v - a +0 helmet (worn)
 B - a +0 pair of gloves (worn)
 K - a +0 hat of see invisible
Jewellery
 r - an amulet of guardian spirit
 D - the ring "Waddojod" (left hand) {rPois rC++ AC+4}
   (You bought it in a shop on level 10 of the Dungeon)

   [ring of protection]

   AC:        It affects your AC (+4).
   rC:        It greatly protects you from cold.
   rPois:     It protects you from poison.
 F - a +6 ring of strength (right hand)
 G - a +6 ring of intelligence
 H - a ring of positive energy
 I - a ring of see invisible
 P - a ring of magical power
 R - an amulet of regeneration (around neck)
Wands
 x - a wand of flame (20)
 z - a wand of digging (6)
 A - a wand of charming (14)
 L - a wand of polymorph (2)
 M - a wand of mindburst (8)
 N - a wand of iceblast (5)
Scrolls
 e - a scroll of blinking
 h - 6 scrolls of identify
 j - 7 scrolls of teleportation
 k - 2 scrolls of summoning
 p - 3 scrolls of noise
 y - 4 scrolls of fog
 C - 3 scrolls of magic mapping
 E - 6 scrolls of fear
 O - a scroll of enchant weapon
 Q - a scroll of enchant armour
Potions
 d - a potion of might
 l - 2 potions of lignification
 m - 7 potions of curing
 q - a potion of cancellation
 u - a potion of ambrosia
 w - a potion of magic


   Skills:
 + Level 9.3 Fighting
 + Level 5.3 Maces & Flails
 + Level 12.0 Polearms
 + Level 3.5 Throwing
 + Level 10.9 Armour
 + Level 2.2 Dodging
 + Level 3.6 Stealth
 + Level 5.1 Shields


You had 8 spell levels left.
You knew the following spells:

 Your Spells              Type           Power      Damage    Failure   Level
a - Slow                  Hex            0%         N/A       99%         1
b - Searing Ray           Conj           0%         2d4       99%         2

Your spell library contained the following spells:

 Spells                   Type           Power      Damage    Failure   Level
 Magic Dart               Conj           0%         1d3       99%         1
 Sting                    Tmut/Pois      0%         1d3       99%         1
 Lesser Beckoning         Tloc           0%         N/A       99%         2
 Poisonous Vapours        Pois/Air       0%         N/A       99%         2
 Confusing Touch          Hex            0%         N/A       100%        3
 Gell's Gravitas          Tloc           0%         N/A       100%        3
 Mephitic Cloud           Conj/Pois/Air  0%         N/A       100%        3
 Teleport Other           Tloc           0%         N/A       100%        3
 Vampiric Draining        Necr           0%         2d6       100%        3
 Fulminant Prism          Conj/Hex       0%         3d5       100%        4
 Olgreb's Toxic Radiance  Pois           0%         N/A       100%        4
 Passage of Golubria      Tloc           0%         N/A       100%        4
 Summon Lightning Spire   Summ/Air       0%         N/A       100%        4
 Freezing Cloud           Conj/Ice/Air   0%         6-21      100%        5
 Silence                  Hex/Air        0%         N/A       100%        5
 Storm Form               Tmut/Air       0%         N/A       100%        7
 Lehudib's Crystal Spear  Conj/Erth      0%         10d2      100%        8
 Maxwell's Capacitive Co  Air            0%         ∞         100%        8


Dungeon Overview and Level Annotations

Branches:
Dungeon (14/15)            Temple (1/1) D:6            Lair (0/5) D:10
    Orc (0/2) D:9          Vaults (0/5) D:13

Altars:
Ashenzari
Dithmenos
Gozag
Hepliaklqana
Makhleb
Nemelex Xobeh
Okawaru
Qazlal
Ru
Uskayaw
Vehumet
Wu Jian
Yredelemnul

Shops:
D:1 *   D:2 [(:*   D:6 :*   D:10 =   D:12 =


Innate Abilities, Weirdness & Mutations

You are completely covered in rugged brown scales. (AC +3, +7% HP)
A demonic guardian rushes to your aid.
A meltable shield of frost defends you. (SH +0)
Your touch may inflict irresistible damage on your foes.
Your body sometimes deteriorates upon taking damage.
You are covered in fur. (AC +1)
Your spells are a little harder to cast, but a little more powerful.


Message History

The red ugly thing is severely wounded.
The red ugly thing engulfs you but does no damage.
You hit the red ugly thing. Your touch misses the red ugly thing.
The red ugly thing is severely wounded.
The red ugly thing basks in the mutagenic energy from its kin and changes!
The red ugly thing gores you!
You are engulfed in flames!!
* * * LOW HITPOINT WARNING * * *
You barely miss the white ugly thing.
The white ugly thing is severely wounded.
The red ugly thing barely misses you.
You hit the white ugly thing. You burn the white ugly thing.
You touch the white ugly thing!
The white ugly thing is almost dead.
The red ugly thing gores you.
* * * LOW HITPOINT WARNING * * *
You are engulfed in flames!!
* * * LOW HITPOINT WARNING * * *
A demonic guardian appears!
You hit the white ugly thing. You burn the white ugly thing.
You kill the white ugly thing!
Your Polearms skill increases to level 12!
Unknown command.
You feel much better.
The red ugly thing gores you but does no damage.
Your rust devil hits the red ugly thing.
Your rust devil corrodes the red ugly thing!
The red ugly thing engulfs you but does no damage.
You feel very mighty all of a sudden.
The red ugly thing is distracted by your dazzling golden aura.
Your rust devil hits the red ugly thing!
The red ugly thing seems to be corroded for longer.
The red ugly thing is no longer distracted by gold.
The red ugly thing gurgles horribly!
The cyan ugly thing kicks you.
* * * LOW HITPOINT WARNING * * *
The cyan ugly thing shocks you!
* * * LOW HITPOINT WARNING * * *
The red ugly thing engulfs you!
You die...
Your body crumbles into a pile of gold.

####..#
......#
......#
......#
......#
......#
####......#
#@ul......#
#uu.......#
#u.4......#
#.........#
#...#.....#
#.........#
#.........#
..........#
..........


You could see 4 ugly things, a basilisk and a friendly rust devil (summoned).

Vanquished Creatures
  Gastronok (D:8)
  A vault guard (D:13)
  Erica (D:8)
  A boulder beetle (D:12)
  A centaur warrior (D:13)
  A hydra (D:12)
  2 two-headed ogres (D:12)
  A tengu warrior (D:13)
  2 deep elf pyromancers
  2 manticores
  2 ugly things (D:14)
  3 cyclopes
  Maurice (D:10)
  Psyche (D:8)
  5 gargoyles
  An efreet (D:13)
  2 kobold demonologists (D:13)
  A komodo dragon (D:10)
  4 trolls
  10 slime creatures
  Sigmund (D:7)
  4 wyverns
  26 yaks
  3 wraiths
  2 vampires (D:11)
  A basilisk (D:13)
  2 acid dragons
  A sky beast (D:7)
  2 orc warriors
  3 black bears
  3 ice beasts
  4 centaurs
  2 kobold brigands
  2 bullfrogs
  5 scorpions
  8 killer bees
  3 howler monkeys
  4 hounds
  4 orc priests
  3 jellies
  Crazy Yiuf (D:3)
  Jessica (D:3)
  4 iguanas
  6 orc wizards
  Terence (D:3)
  Robin (D:3)
  4 gnolls (D:3)
  6 adders
  A shadow imp (D:8)
  4 dart slugs
  29 orcs
  8 ball pythons
  3 endoplasms (D:4)
  5 giant cockroaches
  11 goblins
  12 hobgoblins
  2 quokkas
  2 bats
  3 frilled lizards
  18 kobolds
  3 rats
251 creatures vanquished.

Vanquished Creatures (collateral kills)
  A steam dragon (D:9)
  A water moccasin (D:6)
  2 killer bees (D:9)
  A howler monkey (D:4)
  4 orcs
  A hobgoblin (D:4)
10 creatures vanquished.

Vanquished Creatures (others)
  2 orcs (D:9)
  2 plants (D:10)
4 creatures vanquished.

Grand Total: 265 creatures vanquished

Notes
Turn   | Place    | Note
-------+----------+-------------------------------------------
     0 | D:1      | Cris the Demonspawn Fighter began the quest for the Orb.
     0 | D:1      | Reached XP level 1. HP: 18/18 MP: 1/1
   142 | D:1      | Gained mutation: Your touch may inflict minor irresistible
                  | damage on your foes. [demonic ancestry]
   142 | D:1      | Reached XP level 2. HP: 23/24 MP: 2/2
   348 | D:1      | Found Ryinkatuymn's General Store.
   381 | D:1      | Learned a level 1 spell: Slow
   671 | D:2      | Found Urrunis's General Store.
   851 | D:2      | Found Ykhluwoxel's Book Boutique.
  1001 | D:2      | Gained mutation: Your touch may inflict irresistible damage
                  | on your foes. [demonic ancestry]
  1001 | D:2      | Reached XP level 3. HP: 29/29 MP: 3/3
  1001 | D:2      | Found Xufios's Weapon Shop.
  1039 | D:2      | Found Ynaprep's Antique Armour Shoppe.
  1225 | D:2      | Found a faded altar of an unknown god.
  1268 | D:2      | Prayed at the altar of an unknown god.
  1268 | D:2      | Became a worshipper of Gozag Ym Sagoz the Greedy
  1487 | D:3      | Noticed Robin
  1502 | D:3      | Killed Robin
  1511 | D:3      | Noticed Jessica
  1516 | D:3      | Killed Jessica
  1517 | D:3      | Gained mutation: You are partially covered in rugged brown
                  | scales. (AC +1, +3% HP) [demonic ancestry]
  1517 | D:3      | Reached XP level 4. HP: 19/37 MP: 2/4
  1670 | D:3      | Noticed Terence
  1679 | D:3      | Killed Terence
  1680 | D:3      | Gained mutation: A weak demonic guardian rushes to your
                  | aid. [demonic ancestry]
  1680 | D:3      | Reached XP level 5. HP: 36/43 MP: 5/5
  1729 | D:3      | Identified a scroll of acquirement
  1729 | D:3      | Acquired 800 gold pieces
  1955 | D:1      | Bought a +2 plate armour of poison resistance for 444 gold
                  | pieces
  2128 | D:3      | Found a runed translucent door.
  2129 | D:3      | Noticed Crazy Yiuf
  2134 | D:3      | Killed Crazy Yiuf
  2207 | D:3      | Gained mutation: You are dopey. (Int -2) [potion of
                  | mutation]
  2207 | D:3      | Gained mutation: You have supernaturally acute eyesight.
                  | (SInv) [potion of mutation]
  2208 | D:3      | Lost mutation: You are dopey. (Int -2) [potion of mutation]
  2208 | D:3      | Lost mutation: You have supernaturally acute eyesight.
                  | (SInv) [potion of mutation]
  2208 | D:3      | Gained mutation: Your body sometimes deteriorates upon
                  | taking damage. [potion of mutation]
  2208 | D:3      | Gained mutation: Your spells are a little harder to cast,
                  | but a little more powerful. [potion of mutation]
  2208 | D:3      | Gained mutation: You are covered in fur. (AC +1) [potion of
                  | mutation]
  2248 | D:3      | Identified the +5 spear of the Chickpea {flame, rPois rC+
                  | Dex+3}
  2408 | D:3      | Learned a level 2 spell: Searing Ray
  2755 | D:4      | Gained mutation: A demonic guardian rushes to your aid.
                  | [demonic ancestry]
  2755 | D:4      | Reached XP level 6. HP: 28/49 MP: 3/6
  3080 | D:4      | Found a radiant altar of Vehumet.
  3459 | D:5      | Entered Level 5 of the Dungeon
  3459 | D:5      | Noticed an ice beast
  3471 | D:5      | Killed an ice beast
  3472 | D:5      | Reached skill level 1 in Polearms
  3478 | D:5      | Reached XP level 7. HP: 52/55 MP: 7/7
  3537 | D:5      | Reached skill level 1 in Stealth
  3594 | D:5      | Reached skill level 2 in Polearms
  3765 | D:5      | Reached skill level 5 in Armour
  3769 | D:5      | Reached skill level 1 in Dodging
  4079 | D:6      | Found a staircase to the Ecumenical Temple.
  4089 | D:6      | Reached XP level 8. HP: 25/62 MP: 2/8
  4227 | Temple   | Entered the Ecumenical Temple
  4271 | D:6      | Reached skill level 5 in Maces & Flails
  4276 | D:6      | Reached skill level 3 in Polearms
  4280 | D:6      | Reached skill level 5 in Fighting
  4388 | D:6      | Found Qeqac's Book Emporium.
  4624 | D:6      | Found Foysh's Assorted Antiques.
  4628 | D:6      | Bought an opal ring for 120 gold pieces
  4628 | D:6      | Bought a scroll of enchant armour for 180 gold pieces
  4890 | D:7      | Found a broken altar of Ashenzari.
  4890 | D:7      | Found a hazy altar of Hepliaklqana.
  4898 | D:7      | Reached skill level 4 in Polearms
  5042 | D:7      | Noticed a gargoyle
  5059 | D:7      | Killed a gargoyle
  5060 | D:7      | Reached skill level 1 in Throwing
  5060 | D:7      | Gained mutation: A meltable shield of frost defends you.
                  | (SH +0) [demonic ancestry]
  5060 | D:7      | Reached XP level 9. HP: 32/70 MP: 6/9
  5065 | D:7      | Reached skill level 5 in Polearms
  5335 | D:7      | Noticed Sigmund
  5345 | D:7      | Killed Sigmund
  5427 | D:7      | Found a burning altar of Makhleb.
  5427 | D:7      | Noticed a cacodemon
  5978 | D:8      | Noticed Gastronok
  6000 | D:8      | Killed Gastronok
  6001 | D:8      | Reached skill level 6 in Polearms
  6290 | D:8      | Noticed Psyche
  6297 | D:8      | Killed Psyche
  6298 | D:8      | Gained mutation: You are mostly covered in rugged brown
                  | scales. (AC +2, +5% HP) [demonic ancestry]
  6298 | D:8      | Reached XP level 10. HP: 72/80 MP: 10/10
  6346 | D:8      | Reached skill level 7 in Polearms
  6565 | D:8      | Found a stormy altar of Qazlal.
  6565 | D:8      | Found an ornate altar of the Wu Jian Council.
  6921 | D:8      | Noticed Erica
  6932 | D:8      | Reached skill level 8 in Polearms
  6939 | D:8      | Killed Erica
  7065 | D:8      | Found a shadowy altar of Dithmenos.
  7531 | D:9      | Reached skill level 9 in Polearms
  7564 | D:9      | Gained mutation: You are completely covered in rugged brown
                  | scales. (AC +3, +7% HP) [demonic ancestry]
  7564 | D:9      | Reached XP level 11. HP: 44/89 MP: 3/11
  8095 | D:9      | Found a staircase to the Orcish Mines.
  8268 | D:10     | Entered Level 10 of the Dungeon
  8860 | D:10     | Found a staircase to the Lair.
  8958 | D:10     | Noticed Maurice
  8959 | D:10     | Reached skill level 10 in Polearms
  8969 | D:10     | Killed Maurice
  9107 | D:10     | Found a hide-covered altar of Uskayaw.
  9246 | D:10     | Acquired 647 gold pieces
  9251 | D:10     | Bought the ring "Waddojod" {rPois rC++ AC+4} for 776 gold
                  | pieces
 10603 | D:12     | Noticed a deep elf pyromancer
 10620 | D:12     | Killed a deep elf pyromancer
 10924 | D:12     | Noticed a two-headed ogre
 10937 | D:12     | Killed a two-headed ogre
 11037 | D:12     | Noticed a boulder beetle
 11059 | D:12     | Killed a boulder beetle
 11060 | D:12     | Reached XP level 12. HP: 85/100 MP: 10/12
 11268 | D:12     | Noticed a five-headed hydra
 11276 | D:12     | Killed a five-headed hydra
 11277 | D:12     | Reached skill level 11 in Polearms
 11817 | D:12     | Noticed a two-headed ogre
 11824 | D:12     | Killed a two-headed ogre
 11947 | D:13     | Reached skill level 10 in Armour
 11962 | D:13     | Reached skill level 5 in Shields
 12149 | D:13     | Noticed a tengu warrior
 12162 | D:13     | Killed a tengu warrior
 12705 | D:13     | Noticed a centaur warrior
 12725 | D:13     | Killed a centaur warrior
 12832 | D:13     | Found a gate to the Vaults.
 12832 | D:13     | Noticed a vault guard
 12854 | D:13     | Killed a vault guard
 13064 | D:14     | HP: 3/101 [red ugly thing (22)]
 13066 | D:14     | Reached skill level 12 in Polearms
 13067 | D:14     | Slain by a red ugly thing

Illustrated notes

Levels and vault maps discovered:
D:1:      minmay_arrival_split_and_join, layout_basic, serial_shops, shop
D:2:      layout_basic, serial_shops, shop, nicolae_square_shop,
          nicolae_shop_rolling_square, shop_statue, nicolae_ecumenical_pavilion,
          minmay_misc_feat_rows
D:3:      layout_basic, serial_rivers, chequers_serial_rivers_micro_d,
          chequers_serial_rivers_micro_b, chequers_serial_rivers_small_a,
          chequers_serial_rivers_micro_a, uniq_jessica, uniq_terence,
          uniq_crazy_yiuf_cottage, uniq_robin
D:4:      layout_loops_ring, vehumet_altar_wand_db, serial_glass,
          glass_columns_a, glass_columns_c, glass_columns_b, glass_columns_a
D:5:      layout_rooms, minmay_misc_feat_iff
D:6:      layout_cave_pools, minmay_temple_entry_waves, serial_shops, shop,
          nicolae_shop_tiny_glass
D:7:      layout_layer_cave, makhleb_altar_promises_db, jmf_multi_god_temple,
          serial_glass, glass_columns_a, glass_columns_a, sigmund_army
D:8:      layout_loops_corners, gammafunk_temple_overflow_wave,
          nicolae_dithmenos_shadow_blocks, uniq_psyche, uniq_gastronok,
          uniq_erica
D:9:      layout_cross, david_orc_2
D:10:     layout_small_grid, kennysheep_mini, david_lair_shrubbed, uniq_maurice
D:11:     layout_loops_ring
D:12:     layout_grid_maze
D:13:     layout_cave_pools, david_vaults_5
D:14:     layout_stronghold, hangedman_decor_riveting
Temple:   nicolae_temple_bog_church

Skill      XL: |  1  2  3  4  5  6  7  8  9 10 11 12 |
---------------+-------------------------------------+-----
Shields        | 3 4 5 |  5.1
Maces & Flails | 2 3 4 5 |  5.3
Armour         | 3 4 5 6 7 8 9 10 | 10.9
Fighting       | 4 5 6 7 8 9 |  9.3
Polearms       | 1 2 4 6 9 10 12 | 12.0
Stealth        | 1 2 3 |  3.6
Dodging        | 1 2 |  2.2
Throwing       | 1 3 |  3.5

Action                     |  1- 3 |  4- 6 |  7- 9 | 10-12 || total
---------------------------+-------+-------+-------+-------++-------
  Melee: Flail             |    82 |    31 |       |       ||   113
         Touch             |    11 |    13 |    39 |   129 ||   192
         Spear             |       |    79 |   183 |   603 ||   865
         Punch             |       |       |     1 |     7 ||     8
  Throw: Boomerang         |       |       |     5 |     1 ||     6
         Dart              |       |       |       |    12 ||    12
 Invoke: Call Merchant     |       |       |       |     2 ||     2
    Use: Scroll            |       |     8 |     5 |     4 ||    17
         Potion            |       |     2 |    11 |     6 ||    19
   Stab: Distracted        |       |     1 |       |     2 ||     3
 Armour: Scale mail        |    27 |       |       |       ||    27
         Chain mail        |    15 |    11 |       |       ||    26
         Plate armour      |       |    54 |   147 |   296 ||   497
  Dodge: Dodged            |    39 |    22 |    57 |   138 ||   256
  Block: Buckler           |     2 |       |       |       ||     2
         Other             |       |       |     7 |    35 ||    42
